AoeStats
← Fiesh

Arabia

510192276Analyzed
1v1 RM · 4d ago on Sep 29, 2026· 47m 4s· 2 players
Game mode
Random Map
Map size
Tiny (2 player)
Population
200
Speed
Normal
Resources
Standard
Victory
Conquest
Starting age
Dark Age
Ending age
Imperial Age
RankedLock teamsTeams togetherTeam positionsShared explorationLock speedFull tech treeHidden civsTurbo modeCheats
Victory
Defeat
🇩🇪 Mongols · Germany
858
+16
🇧🇷 Chinese · Brazil
857
-16
Fiesh
0:29 Loom
11:00 Feudal Age
12:09 Double-Bit Axe
17:16 Bloodlines
17:48 Scale Barding Armor
23:46 Castle Age
23:24 Town Watch
23:21 Horse Collar
24:03 Pikeman
25:43 Stone Mining
26:44 Bow Saw
33:36 Squires
33:41 Elite Skirmisher
34:14 Fletching
34:28 Light Cavalry
35:11 Husbandry
36:04 Bodkin Arrow
36:19 Thumb Ring
36:29 Heavy Plow
41:54 Scale Mail Armor
Alzi89
7:49 Loom
10:46 Feudal Age
11:10 Horse Collar
11:20 Double-Bit Axe
11:36 Horse Collar
17:00 Castle Age
17:17 Fletching
19:05 Forging
19:28 Bodkin Arrow
22:09 Husbandry
27:56 Bow Saw
29:01 Wheelbarrow
28:12 Town Watch
30:50 Scale Barding Armor
33:16 Bloodlines
33:31 Chain Barding Armor
36:45 Iron Casting
39:22 Imperial Age
39:05 Ballistics
39:07 Town Patrol
39:25 Hand Cart
41:47 Blast Furnace
40:13 Capped Ram
40:21 Cavalier
42:47 Chemistry
44:09 Drill
44:12 Conscription
44:32 Elite Mangudai
Connection lost

Rejoining the realm…

Still unreachable

The connection could not be restored.

Session expired

The server has moved on; the page needs a fresh start.